 Dungeon Crawl Stone Soup version 0.21.0-3-g78d12a8 (webtiles) character file.

7845 troglodite the Protected (level 11, -4/85 HPs)
             Began as a Demonspawn Berserker on Jan 11, 2018.
             Was a High Priest of Trog.
             Slain by a death yak (13 damage)
             ... on level 10 of the Dungeon.
             The game lasted 00:32:08 (10443 turns).

troglodite the Protected (Demonspawn Berserker)    Turns: 10443, Time: 00:32:10

Health: -4/85      AC: 15    Str: 18    XL:     11   Next: 2%
Magic:  11/11      EV: 12    Int:  8    God:    Trog [*****.]
Gold:   498        SH:  0    Dex: 16    Spells: 10/10 levels left

rFire    . . .     SeeInvis .   l - +4 dagger (protect)
rCold    . . .     Gourm    .   (no shield)
rNeg     . . .     Faith    .   J - +0 plate armour
rPois    .         Spirit   .   (helmet restricted)
rElec    .         Reflect  .   (no cloak)
rCorr    .         Harm     .   (no gloves)
MR       +....                  E - +0 pair of boots
Stlth    ++........             (no amulet)
HPRegen  0.24/turn              p - ring of protection from magic
MPRegen  0.12/turn              C - ring of stealth

@: berserk cooldown, slowed, very slow
A: horns 1, repulsion field 2, demonic guardian 1, nightstalker 2
a: Berserk, Trog's Hand, Brothers in Arms, Burn Spellbooks, Renounce Religion


You were on level 10 of the Dungeon.
You worshipped Trog.
Trog was extremely pleased with you.
You were hungry.

You visited 1 branch of the dungeon, and saw 10 of its levels.

You collected 498 gold pieces.

Inventory:

Hand Weapons
 a - a +0 falchion
 l - a +4 dagger of protection (weapon)
Armour
 E - a +0 pair of boots (worn)
 J - a +0 plate armour (worn)
Jewellery
 p - a ring of protection from magic (left hand)
 C - a ring of stealth (right hand)
Wands
 y - a wand of digging (11)
 A - a wand of iceblast (10)
 G - a wand of acid (11)
Scrolls
 e - 2 scrolls of amnesia {unknown}
 f - 5 scrolls of teleportation {unknown}
 i - 9 scrolls of remove curse
 n - a scroll of immolation {unknown}
 o - a scroll of enchant weapon {unknown}
 q - a scroll of random uselessness {unknown}
 u - 2 scrolls of fear {unknown}
 v - a scroll of noise {unknown}
 z - 2 scrolls of vulnerability {unknown}
 B - a scroll of holy word {unknown}
 D - 2 scrolls of magic mapping {unknown}
 F - a scroll of acquirement {unknown}
Potions
 b - 3 potions of flight
 g - 3 potions of berserk rage
 h - a potion of might
 j - a potion of heal wounds {unknown}
 r - 2 potions of haste
 s - 4 potions of magic
 t - 2 potions of lignification
 x - 2 potions of cancellation
 H - a potion of resistance {unknown}
 I - a potion of brilliance {unknown}
Comestibles
 c - 12 rations


   Skills:
 * Level 7.7 Fighting
 + Level 6.9(7.2) Short Blades
 + Level 3.2(5.4) Long Blades
 * Level 9.3 Armour
 * Level 5.9 Dodging
 * Level 6.3 Stealth


You had 10 spell levels left.
You didn't know any spells.

Dungeon Overview and Level Annotations

Branches:
Dungeon (10/15)            Temple (0/1) D:4
   Lair: D:8-11         Orc: D:9-12

Altars:
Ashenzari
Cheibriados
Gozag
Hepliaklqana
Kikubaaqudgha
Makhleb
Nemelex Xobeh
Okawaru
Sif Muna
Trog
Xom
Yredelemnul
The Shining One


Innate Abilities, Weirdness & Mutations

You have a pair of small horns on your head.
You are surrounded by a moderate repulsion field. (EV +3)
A weak demonic guardian rushes to your aid.
You are significantly more attuned to the shadows.


Message History

The death yak gores your ufetubus!!
Your ufetubus dies!
The death yak gores you.
The death yak snorts and paws the ground.
The death yak closely misses you. The death yak gores you!
The death yak snorts and paws the ground.
The death yak gores you!!
* * * LOW HITPOINT WARNING * * *
Your shadow imp hits the death yak.
Your shadow imp barely misses the death yak.
The death yak gores you!
* * * LOW HITPOINT WARNING * * *
You fail to use your ability.
The death yak gores you but does no damage.
Your shadow imp hits the death yak but does no damage.
The death yak gores you.
* * * LOW HITPOINT WARNING * * *
The death yak gores you!
You die...

#### ############
#... #..........#
#... #........<.#
#... #..........#
#...
#...#############...
#..@####..##.#......
#.YYY........'......
#.5..Y.......#......
#............#......
#............#......
#............#......
#............#......
#....###...###......
#....###...#######+#


You could see 4 death yaks and a friendly shadow imp.

Vanquished Creatures
  A two-headed ogre (D:9)
  3 death yaks (D:10)
  Nergalle (D:10)
  A hippogriff (D:4)
  Sigmund (D:5)
  Eustachio (D:5)
  8 yaks (D:9)
  2 hungry ghosts
  A wyvern (D:8)
  Edmund (D:5)
  A water moccasin (D:7)
  An ice beast (D:9)
  A black bear (D:6)
  2 orc warriors
  2 phantoms (D:4)
  2 centaurs (D:6)
  4 bullfrogs
  3 scorpions
  7 wights (D:9)
  4 crimson imps
  2 bullfrog zombies
  A hound (D:8)
  3 jellies
  2 orc priests
  2 orc wizards
  2 centaur skeletons
  3 iguanas
  9 worker ants
  A killer bee zombie (D:5)
  A hound skeleton (D:8)
  8 gnolls
  10 adders
  3 oozes
  An adder zombie (D:7)
  An adder skeleton (D:4)
  4 worms
  2 dart slugs (D:1)
  3 leopard geckos
  11 orcs
  2 ball pythons
  5 bats
  8 giant cockroaches
  10 goblins
  6 hobgoblins
  2 jackals (D:3)
  5 quokkas
  4 frilled lizards
  2 gnoll zombies (D:8)
  4 kobolds
  2 leopard gecko skeletons
  A leopard gecko zombie (D:5)
  A quokka skeleton (D:6)
  A quokka zombie (D:7)
  22 rats
  2 plants (D:3)
193 creatures vanquished.

Vanquished Creatures (collateral kills)
  A phantom (D:7)
  A necrophage (D:7)
  A killer bee zombie (D:7)
3 creatures vanquished.

Vanquished Creatures (others)
  A worker ant (D:7)
1 creature vanquished.

Grand Total: 197 creatures vanquished

Notes
Turn   | Place    | Note
-------+----------+-------------------------------------------
     0 | D:1      | troglodite the Demonspawn Berserker began the quest for the Orb.
     0 | D:1      | Reached XP level 1. HP: 18/18 MP: 1/1
   195 | D:1      | Gained mutation: You are surrounded by a mild repulsion field. (EV +2) [demonic ancestry]
   195 | D:1      | Reached XP level 2. HP: 23/24 MP: 2/2
   969 | D:1      | Reached skill level 2 in Armour
  1109 | D:2      | Gained mutation: You have a pair of small horns on your head. [demonic ancestry]
  1109 | D:2      | Reached XP level 3. HP: 9/30 MP: 3/3
  1528 | D:2      | Found a glowing golden altar of the Shining One.
  1555 | D:2      | Found an opulent altar of Gozag.
  1600 | D:2      | Found a bloodstained altar of Trog.
  1675 | D:2      | Reached ** piety under Trog
  1764 | D:2      | Gained mutation: You are slightly more attuned to the shadows. [demonic ancestry]
  1764 | D:2      | Reached XP level 4. HP: 37/37 MP: 4/4
  2333 | D:3      | Gained mutation: You are significantly more attuned to the shadows. [demonic ancestry]
  2333 | D:3      | Reached XP level 5. HP: 42/42 MP: 5/5
  2355 | D:3      | Found a shattered altar of Ashenzari.
  2395 | D:3      | Reached *** piety under Trog
  2470 | D:3      | Found an iron altar of Okawaru.
  2884 | D:3      | Reached skill level 3 in Armour
  3227 | D:4      | Reached skill level 1 in Stealth
  3478 | D:4      | Noticed a hippogriff
  3490 | D:4      | Killed a hippogriff
  3490 | D:4      | Reached skill level 1 in Short Blades
  3490 | D:4      | Reached XP level 6. HP: 49/49 MP: 6/6
  3760 | D:4      | Reached skill level 4 in Armour
  3862 | D:4      | Found a staircase to the Ecumenical Temple.
  4083 | D:4      | Found a sparkling altar of Nemelex Xobeh.
  4083 | D:4      | Found a burning altar of Makhleb.
  4088 | D:4      | Gained mutation: You are surrounded by a moderate repulsion field. (EV +3) [demonic ancestry]
  4088 | D:4      | Reached XP level 7. HP: 55/55 MP: 7/7
  4783 | D:5      | Entered Level 5 of the Dungeon
  4787 | D:5      | Found a hazy altar of Hepliaklqana.
  4787 | D:5      | Found a snail-covered altar of Cheibriados.
  4867 | D:5      | Noticed Sigmund
  4886 | D:5      | Killed Sigmund
  4886 | D:5      | Reached skill level 5 in Armour
  4979 | D:5      | Noticed Eustachio
  4989 | D:5      | Killed Eustachio
  4989 | D:5      | Reached skill level 5 in Fighting
  5011 | D:5      | Reached XP level 8. HP: 62/62 MP: 8/8
  5291 | D:5      | Reached **** piety under Trog
  5477 | D:5      | You fall through a shaft!
  5863 | D:6      | Reached skill level 6 in Armour
  5912 | D:6      | Found an ancient bone altar of Kikubaaqudgha.
  7173 | D:5      | Noticed Edmund
  7185 | D:5      | Killed Edmund
  7443 | D:7      | Gained mutation: A weak demonic guardian rushes to your aid. [demonic ancestry]
  7443 | D:7      | Reached XP level 9. HP: 65/69 MP: 9/9
  7729 | D:7      | Found a shimmering altar of Xom.
  8086 | D:7      | Found a deep blue altar of Sif Muna.
  8262 | D:8      | Reached skill level 7 in Armour
  8290 | D:8      | Reached skill level 5 in Short Blades
  8488 | D:8      | Reached skill level 5 in Stealth
  8856 | D:8      | Found a basalt altar of Yredelemnul.
  9358 | D:9      | Reached skill level 5 in Dodging
  9374 | D:9      | Reached XP level 10. HP: 77/77 MP: 10/10
  9382 | D:9      | Reached skill level 8 in Armour
  9577 | D:9      | Reached ***** piety under Trog
  9696 | D:9      | Noticed a two-headed ogre
  9705 | D:9      | Killed a two-headed ogre
 10262 | D:10     | Entered Level 10 of the Dungeon
 10312 | D:10     | Noticed Nergalle
 10325 | D:10     | Killed Nergalle
 10381 | D:10     | Noticed a death yak
 10383 | D:10     | Noticed a death yak
 10391 | D:10     | Noticed a death yak
 10394 | D:10     | Noticed a death yak
 10395 | D:10     | Noticed a death yak
 10396 | D:10     | Noticed a death yak
 10399 | D:10     | Noticed a death yak
 10408 | D:10     | Killed a death yak
 10408 | D:10     | Reached skill level 9 in Armour
 10416 | D:10     | Killed a death yak
 10425 | D:10     | Killed a death yak
 10425 | D:10     | Reached XP level 11. HP: 79/85 MP: 11/11
 10443 | D:10     | Slain by a death yak

Skill      XL: |  1  2  3  4  5  6  7  8  9 10 |
---------------+-------------------------------+-----
Long Blades    | 3 |  3.2
Dodging        | 2 3 4 5 |  5.9
Armour         | 2 3 4 5 6 7 9 |  9.3
Fighting       | 4 5 6 7 |  7.7
Stealth        | 1 2 3 4 5 6 |  6.3
Short Blades   | 1 2 4 5 6 |  6.9

Action                   |  1- 3 |  4- 6 |  7- 9 | 10-12 || total
-------------------------+-------+-------+-------+-------++-------
Melee: Falchion          |    46 |       |       |       ||    46
       Mace              |    34 |       |       |       ||    34
       Dagger            |    33 |   310 |   509 |   197 ||  1049
       Headbutt          |    12 |    90 |   126 |    53 ||   281
Invok: Berserk           |       |     2 |    10 |     4 ||    16
       Burn Spellbooks   |       |       |     5 |     1 ||     6
  Use: Potion            |     1 |       |       |       ||     1
       Scroll            |       |       |       |     8 ||     8
 Stab: Sleeping          |       |     5 |    10 |     2 ||    17
       Distracted        |       |     1 |     2 |       ||     3
  Eat: Chunk             |     3 |     7 |    17 |     6 ||    33
       Ration            |       |     1 |     3 |     1 ||     5
Armor: Scale mail        |    45 |    44 |    36 |       ||   125
       Chain mail        |       |       |    49 |    13 ||    62
       Plate armour      |       |       |       |    20 ||    20
Dodge: Dodged            |    79 |    83 |   196 |    53 ||   411
       Rpst.: Falchion   |     9 |       |       |       ||     9
